 Dungeon Crawl Stone Soup version 0.21-a0-243-g597973d (webtiles) character file.

396 Blomdor the Skirmisher (level 6, -7/49 HPs)
             Began as a Barachi Wizard on Sept 5, 2017.
             Mangled by an ogre
             ... wielding a +0 giant club
              (22 damage)
             ... on level 4 of the Dungeon.
             The game lasted 00:08:36 (4773 turns).

Blomdor the Skirmisher (Barachi Wizard)             Turns: 4773, Time: 00:08:37

Health: -7/49      AC:  8    Str: 11    XL:     6   Next: 83%
Magic:  10/10      EV:  9    Int: 18    God:
Gold:   133        SH:  0    Dex: 10    Spells: 10/11 levels left

rFire    . . .     SeeInvis .   q - +0 hand axe
rCold    . . .     Gourm    .   (no shield)
rNeg     . . .     Faith    .   a - +0 scale mail
rPois    .         Spirit   .   m - +0 helmet
rElec    .         Reflect  .   (no cloak)
rCorr    .         Harm     .   (no gloves)
MR       .....                  (no boots)
Stlth    ..........             (no amulet)
HPRegen  0.16/turn              g - ring of loudness (curse)
MPRegen  0.12/turn              (no ring)

@: can't hop, slow
A: +LOS, swims, slowness 1, strong legs 1
a: Hop


You were on level 4 of the Dungeon.
You were not hungry.

You visited 1 branch of the dungeon, and saw 4 of its levels.

You collected 133 gold pieces.

Inventory:

Hand Weapons
 q - a +0 hand axe (weapon)
Armour
 a - a +0 scale mail (worn)
 m - a +0 helmet (worn)
 r - a cursed +0 chain mail
Jewellery
 g - a cursed ring of loudness (left hand)
Scrolls
 e - 2 scrolls of immolation
 f - 2 scrolls of teleportation
 j - 5 scrolls of identify
 k - a scroll of remove curse
Potions
 h - 2 potions of brilliance
 l - 2 potions of magic
 n - a potion of curing
Books
 c - a book of Minor Magic

   Spells                             Type                      Level
   a - Magic Dart                     Conjuration                  1
   b - Blink                          Translocation                2
   c - Call Imp                       Summoning                    2
   d - Slow                           Hexes                        2
   e - Conjure Flame                  Conjuration/Fire             3
   f - Mephitic Cloud                 Conjuration/Poison/Air       3
Comestibles
 b - a chunk of flesh
 d - 2 bread rations
 o - 2 meat rations


   Skills:
 - Level 4.5 Fighting
 * Level 4.0 Axes
 + Level 3.9 Armour
 - Level 2.6 Dodging
 - Level 1.7 Stealth
 - Level 3.2 Spellcasting
 - Level 1.1 Conjurations
   Level 1.2 Summonings
   Level 1.1 Translocations


You had 10 spell levels left.
You knew the following spells:

 Your Spells              Type           Power        Failure   Level  Hunger
a - Magic Dart            Conj           #...         47%         1    None


Dungeon Overview and Level Annotations

Branches:
Dungeon (4/15)
 Temple: D:4-7

Altars:
Dithmenos
Nemelex Xobeh
Uskayaw
Vehumet

Portals:
Ossuary: D:4


Innate Abilities, Weirdness & Mutations

Shadows flee at your approach. (+LOS)
You can swim through water.
You cover ground slowly.
You can hop short distances.


Message History

You hit the howler monkey but do no damage.
The howler monkey is severely wounded.
The howler monkey hits you. x2
Your scale mail prevents you from hitting the howler monkey.
The howler monkey is severely wounded.
The howler monkey hits you but does no damage.
You hit the howler monkey.
The howler monkey is almost dead.
The howler monkey hoots and howls with incredible vigour!
The howler monkey hits you.
You hit the howler monkey.
The howler monkey is almost dead.
The howler monkey barely misses you.
You hit the howler monkey.
You kill the howler monkey!
Your Axes skill increases to level 4!
Wield which item (- for none, * to show all)? (? for menu, Esc to quit)
Okay, then.
You barely miss the ogre. The ogre hits you with a giant club!!
You die...

.................# §
.................# .§§##
........>.......§#.#§#§###
.................§§._.§..#
....(........?..##.#.#§#.#
..................#§§.#..#
#.........######...#.##...
....###O#######'§§.§###..
# ##@..#...#..§.##...
#.>.#.>.####....##
#...#...# ##..## #########
#..# ...#... ####..#
#.∩.#.>.##.....#
#...#...#.......## +##
##+.###....# .. ##....


You could see an ogre.

Vanquished Creatures
  An ogre (D:4)
  A howler monkey (D:4)
  A hound (D:4)
  An orc priest (D:3)
  A centaur skeleton (D:4)
  9 adders
  A gnoll (D:1)
  A worm (D:2)
  2 dart slugs (D:1)
  4 leopard geckos
  6 orcs
  2 ball pythons (D:1)
  6 bats
  2 giant cockroaches (D:2)
  12 goblins
  10 hobgoblins
  4 jackals (D:1)
  3 frilled lizards
  9 kobolds
  8 rats
84 creatures vanquished.

Notes
Turn   | Place    | Note
-------+----------+-------------------------------------------
     0 | D:1      | Blomdor the Barachi Wizard began the quest for the Orb.
     0 | D:1      | Reached XP level 1. HP: 13/13 MP: 4/4
   119 | D:1      | Reached skill level 1 in Fighting
   434 | D:1      | Reached XP level 2. HP: 12/22 MP: 0/6
  1064 | D:1      | Reached XP level 3. HP: 24/29 MP: 7/7
  2123 | D:1      | Reached XP level 4. HP: 37/37 MP: 8/8
  2162 | D:2      | Reached skill level 1 in Armour
  3324 | D:2      | Reached XP level 5. HP: 30/43 MP: 9/9
  3457 | D:3      | Reached skill level 1 in Axes
  3761 | D:3      | Found a faded altar of an unknown god.
  3898 | D:3      | Found a hide-covered altar of Uskayaw.
  3924 | D:3      | Found a sparkling altar of Nemelex Xobeh.
  3926 | D:3      | Found a radiant altar of Vehumet.
  4267 | D:4      | Noticed an ogre
  4286 | D:4      | Killed an ogre
  4286 | D:4      | Reached XP level 6. HP: 11/49 MP: 10/10
  4624 | D:4      | Found a shadowy altar of Dithmenos.
  4749 | D:4      | Found a sand-covered staircase.
  4773 | D:4      | Mangled by an ogre

Vault maps used:
D:1:      tarquinn_simple_flora_water_c
D:3:      grunt_temple_overflow_open, chequers_ecumenical_altar_simple
D:4:      grunt_dithmenos_smoke_and_mirrors, serial_shops,
          nicolae_shop_waterfront, nicolae_ossuary_entry_false_entrances,
          hangedman_decor_lopped

Skill      XL: |  1  2  3  4  5  6 |
---------------+-------------------+-----
Fighting       | 2 3 4 |  4.5
Armour         | 1 3 |  3.9
Axes           | 3 4 |  4.0
Dodging        | |  2.6
Stealth        | |  1.7
Spellcasting   | |  3.2
Conjurations   | |  1.1
Summonings     | |  1.2
Translocations | |  1.1

Action                   |  1- 3 |  4- 6 || total
-------------------------+-------+-------++-------
Melee: Short sword       |    47 |       ||    47
       Spear             |    94 |   116 ||   210
       Hand axe          |       |   141 ||   141
 Cast: Magic Dart        |    31 |    15 ||    46
 Abil: Hop               |     1 |     3 ||     4
  Use: Potion            |     1 |     4 ||     5
       Scroll            |       |     5 ||     5
 Stab: Sleeping          |     1 |       ||     1
  Eat: Chunk             |     4 |    10 ||    14
Armor: Robe              |    14 |       ||    14
       Ring mail         |     4 |    45 ||    49
       Scale mail        |       |    52 ||    52
       Skin              |       |    26 ||    26
Dodge: Dodged            |    90 |   129 ||   219

Table legend:
 A = Spawn XP
 B = Non-spawn XP
 C = Spawn XP percentage of total XP
 D = Spawn monster count
 E = Non-spawn monster count
 F = Spawn count percentage of total count
 G = Total turns spent on level
                    A         B        C        D         E        F      G
               +---------+---------+-------+---------+---------+-------+---------
         Total |     123 |     444 |  21.7 |      22 |      62 |  26.2 |  4773
               +---------+---------+-------+---------+---------+-------+---------
           D:1 |      36 |      48 |  42.9 |      12 |      27 |  30.8 |  2131
           D:2 |      21 |      52 |  28.8 |       5 |      21 |  19.2 |  1097
           D:3 |      23 |      88 |  20.7 |       4 |       8 |  33.3 |  1049
           D:4 |      43 |     256 |  14.4 |       1 |       6 |  14.3 |   496
               +---------+---------+-------+---------+---------+-------+---------
